 Dungeon Crawl Stone Soup version 0.27-a0-1374-gc14e5d3922 (webtiles) character file.

Game seed: 5644850856492315529

28581 Ijustatesigmund the Cleaver (level 13, -2/93 HPs)
             Began as an Octopode Fighter on June 29, 2021.
             Was a Priest of Cheibriados.
             Killed from afar by a red draconian annihilator (26 damage)
             ... with a poison arrow
             ... on level 2 of the Abyss.
             The game lasted 00:41:58 (18302 turns).

Ijustatesigmund the Cleaver (Octopode Fighter)     Turns: 18302, Time: 00:41:59

Health: -2/93      AC:  1    Str: 24    XL:     13   Next: 39%
Magic:  15/18      EV: 24    Int: 22    God:    Cheibriados [***...]
Gold:   266        SH: 14    Dex: 26    Spells: 8/12 levels left

rFire    . . .     SeeInvis .   a - +2 war axe (venom)
rCold    + . .     Faith    .   b - +2 kite shield
rNeg     + . .     Spirit   .   (helmet currently unavailable)
rPois    +         Reflect  .   F - amulet of regeneration
rElec    .         Harm     .   g - ring of positive energy
rCorr    .         Rampage  .   h - ring of poison resistance
Will     .....                  l - ring of wizardry
Stlth    ++++......             q - ring of protection from cold
HPRegen  1.25/turn              z - +6 ring of dexterity
MPRegen  0.16/turn              w - +4 ring of evasion
                                (no ring)
                                (no ring)

@: lethally poisoned (-2 -> -3), appendages, very slow
A: tentacle spike 3, almost no armour, amphibious, 8 rings, camouflage 1,
gelatinous body 1, (nimble swimmer 1), tentacles
a: End Transformation, Renounce Religion, Bend Time, Temporal Distortion


You were on level 2 of the Abyss.
You worshipped Cheibriados.
Cheibriados was most pleased with you.
One of your tentacles had grown a beastly spike.
You visited 2 branches of the dungeon, and saw 14 of its levels.
You visited the Abyss 1 time.
You visited 1 bazaar.
You also visited: Sewer.

You collected 705 gold pieces.
You spent 439 gold pieces at shops.

Inventory:

Hand Weapons
 a - a +2 war axe of venom (weapon)
 n - a +1 war axe of flaming
 r - a +2 war axe
Missiles
 c - 5 throwing nets (quivered)
 k - 4 curare-tipped darts
 t - 9 boomerangs of dispersal
Armour
 b - a +2 kite shield (worn)
Jewellery
 g - a ring of positive energy (left tentacle)
 h - a ring of poison resistance (right tentacle)
 l - a ring of wizardry (on tentacle)
 q - a ring of protection from cold (on tentacle)
 w - a +4 ring of evasion (on tentacle)
 z - a +6 ring of dexterity (on tentacle)
 E - a ring of ice
 F - an amulet of regeneration (around mantle)
Wands
 e - a wand of iceblast (1)
 f - a wand of digging (12)
 i - a wand of polymorph (10)
 v - a wand of flame (11)
 B - a wand of acid (18)
Scrolls
 o - 5 scrolls of immolation
 s - a scroll of vulnerability
 y - a scroll of teleportation
 D - a scroll of fog
 G - 4 scrolls of identify
 I - a scroll of enchant weapon
Potions
 d - a potion of heal wounds
 j - 5 potions of curing
 m - a potion of flight
 p - 2 potions of lignification
 u - a potion of mutation
 A - a potion of brilliance
 H - 3 potions of might
Miscellaneous
 x - a lightning rod (4/4)


   Skills:
 + Level 10.4 Fighting
 + Level 10.8 Axes
 + Level 9.0 Dodging
 - Level 4.2 Stealth
 - Level 7.3 Shields
 - Level 5.9 Conjurations
 - Level 5.1 Transmutations
 - Level 5.9 Air Magic
 - Level 5.7 Poison Magic
 + Level 7.0 Invocations
 - Level 3.0 Evocations


You had 8 spell levels left.
You knew the following spells:

 Your Spells              Type           Power      Damage    Failure   Level
a - Beastly Appendage     Tmut           44%        N/A       2%          1
b - Mephitic Cloud        Conj/Pois/Air  25%        N/A       4%          3

Your spell library contained the following spells:

 Spells                   Type           Power      Damage    Failure   Level
 Poisonous Vapours        Pois/Air       50%        N/A       2%          2
 Wereblood                Tmut           22%        N/A       3%          2
 Spider Form              Tmut/Pois      12%        N/A       6%          3
 Conjure Flame            Conj/Fire      12%        6-21      16%         3
 Corona                   Hex            0%         N/A       17%         1
 Slow                     Hex            0%         N/A       26%         2
 Inner Flame              Hex/Fire       0%         N/A       45%         3
 Portal Projectile        Hex/Tloc       0%         N/A       45%         3
 Ice Form                 Ice/Tmut       11%        N/A       50%         4
 Freezing Cloud           Conj/Ice/Air   8%         6-21      65%         5
 Cause Fear               Hex            0%         N/A       85%         4
 Leda's Liquefaction      Hex/Erth       0%         N/A       85%         4


Dungeon Overview and Level Annotations

Branches:
Dungeon (13/15)            Temple (1/1) D:7            Lair (0/6) D:9
    Orc (0/2) D:12          Sewer (visited)
 Vaults: D:13-14

Altars:
Ashenzari
Cheibriados
Dithmenos
Elyvilon
Fedhas
Gozag
Hepliaklqana
Kikubaaqudgha
Makhleb
Nemelex Xobeh
Okawaru
Qazlal
Ru
Sif Muna
Trog
Uskayaw
Vehumet
Wu Jian
Xom
Yredelemnul
Zin
The Shining One

Shops:
D:8 (

Annotations:
D:9 exclusion: orange crystal statue
D:12 Sonja


Innate Abilities, Weirdness & Mutations

One of your tentacles has grown a beastly spike.
You cannot wear most types of armour.
You are amphibious.
You can wear up to eight rings at the same time.
Your skin changes colour to match your surroundings (Stealth+).
Your rubbery body absorbs attacks. (AC +1, EV +1)
((You are camouflaged near water. (Stealth+)))
You have tentacles for arms and can constrict up to eight enemies at once.


Message History

The iron shot misses you.
You block the large abomination's attack.
The red draconian annihilator gestures at you while chanting.
You block the iron shot.
Found a ring mail.
Unknown command.
You hit the large abomination.
You pierce the large abomination, but do no damage.
The large abomination is lightly damaged.
The large abomination misses you.
The red draconian annihilator breathes fire at you.
The searing blast misses you.
You slash the large abomination!
You pierce the large abomination.
The large abomination is moderately damaged.
You block the large abomination's attack.
You slash the large abomination!
You pierce the large abomination, but do no damage.
You squeeze the large abomination, but do no damage.
The large abomination is moderately damaged.
The large abomination closely misses you.
The flow of time bends around you.
The red draconian annihilator resists with some effort.
Cheibriados rebukes the large abomination.
The large abomination seems to slow down.
The red draconian annihilator casts a spell at you.
The crystal spear hits you!!!
Ouch! That really hurt!
* * * LOW HITPOINT WARNING * * *
You block the large abomination's attack.
You slash the red draconian annihilator!
The red draconian annihilator is poisoned.
Your grab misses the red draconian annihilator.
You pierce the red draconian annihilator, but do no damage.
The red draconian annihilator is lightly wounded.
You hit the large abomination.
The red draconian annihilator points at you and mumbles some strange words.
The poison arrow hits you!!
You are poisoned.
You partially resist.
You die...

. . ...
....................
....#
#####.#.#......###u
##.#####.#...#.#'#.##
. #.............#.###
..............#.#
.........#....#.
.............###.
..........[..# .
......q@.....#
[.....X..○...#
.......#.....#
.............#
###>########## ...
#.. ..


You could see a red draconian annihilator (very poisoned) and a large
abomination (slow).

Vanquished Creatures
  A great orb of eyes (Abyss:1)
  A boulder beetle (D:11)
  3 hydras
  Harold (D:7)
  Erica (D:9)
  4 two-headed ogres
  A centaur warrior (D:13)
  A thrashing horror (Abyss:1)
  5 skeletal warriors (D:11)
  2 starcursed masses (Abyss:1)
  Pikel (D:6)
  3 ugly things (D:12)
  A cyclops (D:12)
  2 manticores (D:11)
  Joseph (D:7)
  An unseen horror (D:11)
  A gargoyle (D:12)
  Maggie (D:7)
  A komodo dragon (D:11)
  4 trolls
  A meliai (shapeshifter) (D:13)
  A hornet (D:11)
  Grinder (D:6)
  A slime creature (D:8)
  2 shadows
  3 flying skulls (Abyss:1)
  3 wyverns (D:9)
  A wraith (D:5)
  3 large abominations (Abyss:1)
  11 yaks
  A basilisk (D:9)
  2 steam dragons (D:8)
  4 water moccasins
  A swamp drake (D:12)
  9 orc warriors
  An ice beast (D:8)
  2 black bears (D:9)
  A sky beast (D:8)
  A necrophage (D:7)
  4 ogres
  3 wolves (D:9)
  A small abomination (Abyss:1)
  3 centaurs
  10 kobold brigands
  7 scorpions
  A gnoll sergeant (D:9)
  A wyvern zombie (D:6)
  3 bullfrogs
  An earth elemental (Abyss:1)
  A water moccasin skeleton (D:5)
  4 killer bees (D:10)
  The ghost of HESUNTHESUNT the Grasshopper, a weakling PaWr (D:3)
  A howler monkey (D:5)
  3 wights (D:9)
  2 quasits
  4 centaur zombies
  5 hounds
  4 jellies
  A gnoll shaman (D:5)
  4 orc priests
  Crazy Yiuf (D:2)
  2 bullfrog skeletons
  An iron imp (Abyss:1)
  Ijyb (D:4)
  Natasha (thrice) (D:3)
  3 iguanas
  7 orc wizards
  3 killer bee zombies
  A hound zombie (D:5)
  2 hound skeletons (D:5)
  3 howler monkey zombies
  10 adders
  13 gnolls
  A river rat (Sewer)
  A shadow imp (D:6)
  A white imp (Abyss:1)
  8 worms
  2 dart slugs (D:4)
  41 orcs
  12 endoplasms
  8 giant cockroaches
  12 goblins
  5 hobgoblins
  11 jackals
  20 kobolds
  5 quokkas
  15 ball pythons
  15 bats
  8 rats
364 creatures vanquished.

Vanquished Creatures (others)
  An orc (D:12)
  25 fungi
  12 plants (D:9)
  7 toadstools (D:8)
45 creatures vanquished.

Grand Total: 409 creatures vanquished

Notes
Turn   | Place    | Note
-------+----------+-------------------------------------------
     0 | D:1      | Ijustatesigmund the Octopode Fighter began the quest for
                  | the Orb.
     0 | D:1      | Reached XP level 1. HP: 16/16 MP: 1/1
   326 | D:1      | Reached XP level 2. HP: 21/21 MP: 2/2
   577 | D:1      | Reached XP level 3. HP: 26/26 MP: 3/3
  1361 | D:2      | Reached XP level 4. HP: 31/31 MP: 4/4
  1519 | D:2      | Found a runed translucent door.
  1520 | D:2      | Noticed Crazy Yiuf
  1528 | D:2      | Killed Crazy Yiuf
  1722 | D:2      | Found a faded altar of an unknown god.
  1921 | D:3      | Reached XP level 5. HP: 36/36 MP: 5/5
  2365 | D:3      | Noticed Natasha
  2371 | D:3      | Killed Natasha
  2372 | D:3      | Reached XP level 6. HP: 43/43 MP: 6/6
  2441 | D:3      | Found a glowing drain.
  2460 | Sewer    | Entered a sewer
  3044 | Sewer    | Reached XP level 7. HP: 35/49 MP: 7/7
  3356 | Sewer    | Reached skill level 5 in Axes
  3848 | D:3      | Found a runed translucent door.
  3848 | D:3      | Noticed HESUNTHESUNT's ghost (weakling PaWr)
  3883 | D:3      | Noticed Natasha
  3966 | D:3      | Killed Natasha
  4061 | D:3      | Killed HESUNTHESUNT's ghost
  4229 | D:3      | Found a glowing silver altar of Zin.
  4393 | D:3      | Reached skill level 5 in Dodging
  4393 | D:3      | Reached XP level 8. HP: 42/54 MP: 8/8
  4599 | D:3      | Noticed Natasha
  4605 | D:3      | Killed Natasha
  4869 | D:4      | Noticed Ijyb
  4879 | D:4      | Killed Ijyb
  5021 | D:4      | Found an opulent altar of Gozag.
  5035 | D:4      | Reached skill level 5 in Fighting
  5035 | D:4      | Reached skill level 1 in Stealth
  5035 | D:4      | Reached skill level 5 in Shields
  5314 | D:4      | Reached skill level 1 in Evocations
  5657 | D:5      | Entered Level 5 of the Dungeon
  6960 | D:5      | Noticed a wraith
  6972 | D:5      | HP: 3/84 [wraith (7)]
  6977 | D:5      | Reached XP level 9. HP: 25/61 MP: 9/9
  7862 | D:6      | Noticed Grinder
  7872 | D:6      | Killed Grinder
  8102 | D:7      | Found a staircase to the Ecumenical Temple.
  8116 | Temple   | Entered the Ecumenical Temple
  8225 | D:7      | Noticed Maggie
  8900 | D:6      | Learned a level 1 spell: Beastly Appendage
  8948 | D:6      | Noticed Pikel
  8986 | D:6      | Killed Pikel
  9119 | D:6      | Reached XP level 10. HP: 71/71 MP: 10/10
  9212 | D:7      | Noticed Joseph
  9216 | D:7      | Found a sacrificial altar of Ru.
  9221 | D:7      | Killed Joseph
  9320 | D:7      | Noticed Harold
  9333 | D:7      | Killed Harold
  9646 | D:7      | Found a shadowy altar of Dithmenos.
  9688 | D:7      | Killed Maggie
  9831 | D:8      | Noticed a two-headed ogre
 10786 | D:8      | Found Qakhux's Weapon Shoppe.
 11120 | D:8      | Found an ancient bone altar of Kikubaaqudgha.
 11250 | D:8      | Killed a two-headed ogre
 11251 | D:8      | Reached skill level 5 in Transmutations
 11706 | D:8      | Learned a level 3 spell: Mephitic Cloud
 11767 | D:8      | Reached XP level 11. HP: 13/78 MP: 11/11
 12341 | D:8      | Reached skill level 1 in Poison Magic
 12616 | Temple   | Became a worshipper of Cheibriados the Contemplative
 12723 | D:9      | Reached skill level 1 in Conjurations
 12723 | D:9      | Reached skill level 1 in Air Magic
 12723 | D:9      | Reached skill level 1 in Invocations
 13265 | D:9      | Found a staircase to the Lair.
 13268 | D:9      | Identified a scroll of acquirement
 13268 | D:9      | Acquired a +4 ring of evasion
 13299 | D:9      | Reached * piety under Cheibriados
 13378 | D:9      | Noticed Erica
 13386 | D:9      | Killed Erica
 13569 | D:9      | Noticed an orange crystal statue
 13952 | D:9      | Noticed a two-headed ogre
 14000 | D:9      | Killed a two-headed ogre
 14276 | D:9      | Found a shimmering blue altar of Sif Muna.
 14367 | D:10     | Entered Level 10 of the Dungeon
 14754 | D:10     | Noticed a two-headed ogre
 14764 | D:10     | Killed a two-headed ogre
 15163 | D:10     | Reached ** piety under Cheibriados
 15453 | D:11     | Reached XP level 12. HP: 56/85 MP: 11/15
 15455 | D:11     | Found a flickering gateway to a bazaar.
 15474 | Bazaar   | Entered a bazaar
 15586 | Bazaar   | Found Xaimurut's General Store.
 15597 | Bazaar   | Found Itat's Magic Scroll Emporium.
 15649 | Bazaar   | Found Zompodom's Assorted Antiques.
 15655 | Bazaar   | Bought a marble ring for 95 gold pieces
 15681 | Bazaar   | Found Cotis's Jewellery Emporium.
 15686 | Bazaar   | Bought an amulet of regeneration for 300 gold pieces
 15747 | Bazaar   | Found Otamu's Armour Shoppe.
 15770 | Bazaar   | Bought a scroll of identify for 22 gold pieces
 15770 | Bazaar   | Bought a scroll of identify for 22 gold pieces
 15958 | D:11     | Noticed a six-headed hydra
 15974 | D:11     | Killed a one-headed hydra
 16078 | D:11     | Reached skill level 5 in Conjurations
 16078 | D:11     | Reached skill level 5 in Air Magic
 16078 | D:11     | Reached skill level 5 in Poison Magic
 16172 | D:11     | Noticed a four-headed hydra
 16185 | D:11     | Killed a one-headed hydra
 16242 | D:11     | Noticed a two-headed ogre
 16251 | D:11     | Killed a two-headed ogre
 16287 | D:11     | Reached *** piety under Cheibriados
 16305 | D:11     | Reached skill level 5 in Invocations
 16610 | D:11     | Noticed a boulder beetle
 16621 | D:11     | Killed a boulder beetle
 16622 | D:11     | Reached skill level 10 in Axes
 17229 | D:12     | Reached XP level 13. HP: 92/92 MP: 6/17
 17239 | D:12     | Reached **** piety under Cheibriados
 17333 | D:12     | Found a staircase to the Orcish Mines.
 17631 | D:13     | Reached skill level 10 in Fighting
 17639 | D:13     | Noticed Sonja
 17678 | D:12     | Cast into level 1 of the Abyss (Sonja)
 17830 | Abyss:1  | Noticed a starcursed mass
 18032 | Abyss:1  | Noticed a great orb of eyes
 18041 | Abyss:1  | Killed a great orb of eyes
 18282 | Abyss:2  | Noticed a brown very ugly thing
 18291 | Abyss:2  | Noticed a red draconian annihilator
 18302 | Abyss:2  | Killed from afar by a red draconian annihilator

Illustrated notes

Levels and vault maps discovered:
D:1:      dpeg_arrival_houses_and_road, layout_basic
D:2:      layout_rooms, shapermc_ecumenical_altar_mp_vishouse,
          minmay_misc_feat_five, st_stairs_14, uniq_crazy_yiuf_cottage
D:3:      layout_loops_ring, zin_statuary, portal_sewer_entry_f,
          ebering_ghost_inner_flame, uniq_natasha
D:4:      layout_gridville, old_standard_altar, item_on_display_a, uniq_ijyb
D:5:      layout_cave_pools
D:6:      layout_loops_ring, minmay_misc_feat_pillars, uniq_grinder, uniq_pikel
D:7:      layout_cave_pools, grunt_temple_overflow_open,
          minmay_temple_entry_arrows, uniq_maggie, uniq_harold, uniq_joseph
D:8:      cheibrodos_fertilizer, layout_cave_pods, lemuel_doored_altar,
          serial_shops, shop, hex_large
D:9:      layout_irregular_city, lemuel_blue_sif_altar, minmay_lair_entry_grove,
          hangedman_glass_teeth, minmay_door_square, solitary_fountain,
          minivault_16, uniq_erica
D:10:     layout_loops_ring, chequers_arboretum, corexii_leaking_fountain
D:11:     old_forge, layout_loops_ring, serial_shops, bzr_in_the_mist,
          minivault_24
D:12:     layout_basic, erik_orc_1, kennysheep_boxes
D:13:     layout_basic, gammafunk_ghost_hydra_chop, kennysheep_pointless_box,
          grunt_qazlal_sundering, uniq_nessos, uniq_sonja
Temple:   kb_temple_of_zot
Abyss:2:  base: D:1, evilmike_abyss_exit_1

Skill      XL: |  1  2  3  4  5  6  7  8  9 10 11 12 13 |
---------------+----------------------------------------+-----
Axes           | 3 4 5 6 7 9 10 | 10.8
Dodging        | 4 5 6 7 8 9 |  9.0
Fighting       | 4 5 7 8 9 10 | 10.4
Shields        | 4 5 6 7 |  7.3
Stealth        | 3 4 |  4.2
Evocations     | 2 3 |  3.0
Transmutations | 2 5 |  5.1
Poison Magic   | 3 5 |  5.7
Conjurations   | 3 5 |  5.9
Air Magic      | 3 5 |  5.9
Invocations    | 4 5 7 |  7.0

Action                   |  1- 3 |  4- 6 |  7- 9 | 10-12 | 13-15 || total
-------------------------+-------+-------+-------+-------+-------++-------
Melee: War axe           |    59 |   123 |   214 |   384 |   102 ||   882
       Constrict         |    13 |    24 |    51 |    57 |     7 ||   152
       Tentacles         |    12 |    17 |    54 |   138 |    43 ||   264
       Kick              |       |       |       |    73 |    76 ||   149
Throw: Throwing net      |       |       |     3 |     2 |       ||     5
 Cast: Beastly Appendage |       |       |       |    24 |    10 ||    34
       Mephitic Cloud    |       |       |       |    14 |     5 ||    19
Invok: Bend Time         |       |       |       |     1 |     5 ||     6
       Temporal Distorti |       |       |       |     1 |       ||     1
       Slouch            |       |       |       |       |     1 ||     1
Evoke: Wand              |       |       |     3 |    35 |     1 ||    39
       Lightning rod     |       |       |       |       |     1 ||     1
  Use: Scroll            |     6 |     2 |     7 |    13 |     2 ||    30
       Potion            |       |     3 |    10 |     3 |       ||    16
 Stab: Sleeping          |     4 |     9 |    12 |    13 |     1 ||    39
       Held in net/web   |       |       |     1 |     1 |       ||     2
       Distracted        |       |       |     1 |     2 |       ||     3
       Paralysed         |       |       |       |     4 |       ||     4
       Confused          |       |       |       |    10 |     3 ||    13
       Invisible         |       |       |       |     3 |       ||     3
Armor: Skin              |     3 |    20 |    36 |     9 |       ||    68
Dodge: Dodged            |    37 |    42 |    85 |   251 |    62 ||   477
Block: Kite shield       |    30 |    51 |   119 |   264 |    70 ||   534

Table legend: (Time is in decaauts)
 A = Elapsed time spent in this place.
 B = Non-inter-level travel time spent in this place.
 C = Inter-level travel time spent in this place.
 D = Time resting spent in this place.
 E = Time spent auto-exploring this place.
 F = Levels seen in this place.
 G = Mean time per level.
                   A        B        C        D        E       F      G
               +--------+--------+--------+--------+--------+-----+--------+
         Total |  20179 |  19580 |    599 |   5714 |  10534 |  18 | 1121.1 |
       Dungeon |  17465 |  16933 |    532 |   5350 |   8992 |  13 | 1343.5 |
        Temple |    158 |     91 |     67 |      0 |     89 |   1 |  158.0 |
         Abyss |    831 |    831 |      0 |    205 |    221 |   2 |  415.5 |
        Bazaar |    450 |    450 |      0 |      0 |    341 |   1 |  450.0 |
         Sewer |   1273 |   1273 |      0 |    159 |    890 |   1 | 1273.0 |
               +--------+--------+--------+--------+--------+-----+--------+

Top non-repeatable levels by time:
     D:8: 2799 daAuts
     D:4: 1859 daAuts
     D:9: 1719 daAuts
     D:3: 1654 daAuts
    D:11: 1376 daAuts
    D:12: 1309 daAuts
    D:10: 1299 daAuts
     D:5: 1293 daAuts
   Sewer: 1273 daAuts
     D:6: 1165 daAuts
     D:7: 1148 daAuts
     D:1: 1025 daAuts
     D:2: 794 daAuts
 Abyss:1: 584 daAuts
  Bazaar: 450 daAuts
